 Dungeon Crawl Stone Soup version 0.29-a0-231-g945431f764 (webtiles) character file.

Game seed: 8750753726242143067

882 testman the Shooter (level 7, -2/63 HPs)
             Began as a Minotaur Hunter on Feb 28, 2022.
             Was an Initiate of Gozag.
             Succumbed to a gnoll sergeant's poison
             ... on level 4 of the Dungeon.
             The game lasted 00:12:15 (3596 turns).

testman the Shooter (Minotaur Hunter)               Turns: 3596, Time: 00:12:16

Health: -2/63      AC:  7    Str: 16    XL:     7   Next: 76%
Magic:  6/6        EV: 13    Int: 14    God:    Gozag
Gold:   843        SH:  5    Dex: 16    Spells: 4/6 levels left

rFire   + . .      SeeInvis .   a - +1 shortbow
rCold   . . .      Faith    .   (shield currently unavailable)
rNeg    . . .      Spirit   .   b - +0 leather armour
rPois   .          Reflect  +   (helmet restricted)
rElec   .          Harm     .   r - +2 cloak of Egalitarianism {rF+ Dex+3}
rCorr   .          Rampage  .   i - +0 pair of gloves
Will    .....                   (no boots)
Stlth   ++........              g - amulet of reflection
HPRegen 0.20/turn               j - +6 ring of intelligence
MPRegen 0.10/turn               (no ring)

@: lethally poisoned (-2 -> -15), attractive, flying, hasted, very quick
A: horns 2, retaliatory headbutt
a: Renounce Religion, Potion Petition, Call Merchant, Bribe Branch


You were on level 4 of the Dungeon.
You worshipped Gozag.
Gozag was pleased with you.
You visited 1 branch of the dungeon, and saw 5 of its levels.

You collected 853 gold pieces.
You spent 10 gold pieces at shops.

Inventory:

Hand Weapons
 a - a +1 shortbow (weapon)
Armour
 b - a +0 leather armour (worn)
 i - a +0 pair of gloves (worn)
 p - a scarf of shadows
 r - the +2 cloak of Egalitarianism (worn) {rF+ Dex+3}
   (You found it on level 3 of the Dungeon)

   Dex:       It affects your dexterity (+3).
   rF:        It protects you from fire.
Jewellery
 g - an amulet of reflection (around neck)
 j - a +6 ring of intelligence (left hand)
 v - a +6 ring of dexterity
Wands
 t - a wand of digging (4)
Scrolls
 c - a scroll of blinking {unknown}
 d - a scroll of fog {unknown}
 e - 2 scrolls of enchant weapon {unknown}
 f - 5 scrolls of identify {unknown}
 l - a scroll of silence {unknown}
 m - 4 scrolls of acquirement {unknown}
 n - a scroll of torment {unknown}
 o - 2 scrolls of teleportation {unknown}
 q - a scroll of fear {unknown}
 s - 2 scrolls of enchant armour {unknown}
 w - a scroll of brand weapon {unknown}
Potions
 h - a potion of flight
 x - a potion of heal wounds {unknown}
 z - a potion of curing {unknown}


   Skills:
 + Level 6.2 Fighting
 + Level 6.9 Bows
 - Level 4.0 Dodging
 - Level 2.7 Stealth
 + Level 2.2 Translocations


You had 4 spell levels left.
You knew the following spells:

 Your Spells              Type           Power      Damage    Failure   Level
a - Blink                 Tloc           12%        N/A       22%         2

Your spell library contained the following spells:

 Spells                   Type           Power      Damage    Failure   Level
 Sting                    Tmut/Pois      0%         1d3       34%         1
 Lesser Beckoning         Tloc           6%         N/A       41%         3
 Corpse Rot               Necr/Air       0%         N/A       47%         2
 Poisonous Vapours        Pois/Air       0%         N/A       47%         2
 Olgreb's Toxic Radiance  Pois           0%         N/A       98%         4
 Manifold Assault         Tloc           6%         N/A       99%         5


Dungeon Overview and Level Annotations

Branches:
Dungeon (5/15)             Temple (0/1) D:4

Altars:
Ashenzari
Gozag
Makhleb
Xom

Shops:
D:1 *

Annotations:
D:5 Eustachio


Innate Abilities, Weirdness & Mutations

You have a pair of horns on your head.
You reflexively headbutt those who attack you in melee.


Message History

The gnoll sergeant is heavily wounded.
The gnoll sergeant barely misses you.
You shoot an arrow. The arrow hits the gnoll sergeant.
The gnoll sergeant is severely wounded.
The gnoll sergeant hits you from afar with a +2 trident of venom.
You are poisoned.
You shoot an arrow.
The arrow barely misses the gnoll sergeant.
You feel sick.
The gnoll sergeant hits you from afar with a +2 trident of venom!
You are more poisoned.
You block the gnoll sergeant's attack.
You shoot an arrow.
The arrow hits the gnoll sergeant but does no damage.
The gnoll sergeant is severely wounded.
You feel extremely sick. You block the gnoll sergeant's attack.
You feel very sick.
There is a stone staircase leading up here.
You are too injured to fight recklessly!
You feel very sick.
The gnoll sergeant hits you from afar with a +2 trident of venom!
* * * LOW HITPOINT WARNING * * *
You are lethally poisoned!
You climb upwards.
* * * LOW HITPOINT WARNING * * *
You feel extremely sick.
There is a stone staircase leading down here.
It was a potion of flight.
You feel very buoyant.
You fly up into the air.
* * * LOW HITPOINT WARNING * * *
You feel very sick.
It was a potion of attraction.
You feel attractive to monsters.
* * * LOW HITPOINT WARNING * * *
You feel very sick.
It was a potion of haste.
You feel yourself speed up.
You die...
Your body crumbles into a pile of gold.

#.............# #..# ##....###
#.###########.# #..###..#...#.
##.# #.# #........#.... #..#
#####.###..#..#####.>. #.##
#..........##....#.... #.#
#.###.###..###..#...#. #.# #.#
#.# #..# ##....### #.# #.# #.#
#..# ##..#.#. #.# #.# #@# #..#
##...#. #.# ######.# #.###..#
##..#.
#.###......###...#..#######....
#.##...#####....(...........#..
#.#.....####.###.##########.##.
#............#...# #.##.
###.....######.### #.##.
######...## #.# #.##.
#.....#.## ##.## #.##.


There were no monsters in sight!

Vanquished Creatures
  An ice beast (D:4)
  An ogre (D:5)
  A phantom (D:4)
  A necrophage (D:5)
  3 scorpions (D:5)
  2 jellies (D:4)
  2 hounds (D:5)
  2 iguanas (D:5)
  2 orc wizards (D:4)
  7 adders
  A white imp (D:4)
  An ufetubus (D:5)
  5 worms
  4 dart slugs
  12 orcs
  7 ball pythons
  3 endoplasms
  3 giant cockroaches (D:3)
  4 goblins
  8 hobgoblins
  3 jackals (D:4)
  6 kobolds
  3 quokkas
  2 bats
  3 frilled lizards
  3 rats
90 creatures vanquished.

Vanquished Creatures (others)
  A bat (D:2)
1 creature vanquished.

Grand Total: 91 creatures vanquished

Notes
Turn   | Place    | Note
-------+----------+-------------------------------------------
     0 | D:1      | testman the Minotaur Hunter began the quest for the Orb.
     0 | D:1      | Reached XP level 1. HP: 18/18 MP: 0/0
    57 | D:1      | Reached skill level 1 in Stealth
   149 | D:1      | Found Pedoahan's General Store.
   161 | D:1      | Bought a scroll of noise for 10 gold pieces
   200 | D:1      | Reached XP level 2. HP: 25/25 MP: 1/1
   597 | D:1      | Found a faded altar of an unknown god.
   614 | D:1      | Prayed at the altar of an unknown god.
   614 | D:1      | Became a worshipper of Gozag Ym Sagoz the Greedy
   976 | D:2      | Reached XP level 3. HP: 27/31 MP: 2/2
  1472 | D:3      | Found a shimmering altar of Xom.
  1559 | D:3      | Reached XP level 4. HP: 37/38 MP: 3/3
  1598 | D:3      | Found a broken altar of Ashenzari.
  1621 | D:3      | Found a burning altar of Makhleb.
  1736 | D:3      | Reached skill level 5 in Bows
  1780 | D:3      | Identified the +2 cloak of Egalitarianism {rF+ Dex+3}
  2416 | D:4      | Noticed a phantom
  2430 | D:4      | Killed a phantom
  2431 | D:4      | Reached XP level 5. HP: 38/46 MP: 4/4
  2530 | D:4      | Found a staircase to the Ecumenical Temple.
  2566 | D:4      | Noticed an ice beast
  2621 | D:4      | Killed an ice beast
  2622 | D:4      | Reached XP level 6. HP: 53/53 MP: 5/5
  2959 | D:4      | Learned a level 2 spell: Blink
  2987 | D:4      | Reached skill level 5 in Fighting
  3115 | D:5      | Entered Level 5 of the Dungeon
  3128 | D:5      | Reached skill level 1 in Translocations
  3128 | D:5      | Reached XP level 7. HP: 32/61 MP: 6/6
  3476 | D:5      | Noticed Eustachio
  3595 | D:4      | HP: 1/63 [poisoned by a gnoll sergeant]
  3596 | D:4      | Succumbed to a gnoll sergeant's poison

Illustrated notes

Levels and vault maps discovered:
D:1:      lemuel_arrival_funnel, layout_basic, shapermc_ecumenical_altar_ellora,
          serial_shops, shop
D:2:      layout_basic
D:3:      layout_basic, mainiacjoe_overflow_concentric_impassable,
          amcnicky_altar_gilded, mainiacjoe_overflow_paths
D:4:      layout_loops_ring, minmay_temple_entry_arrows
D:5:      layout_basic, kennysheep_cluttered_room, grunt_ministairs_4,
          uniq_eustachio

Skill      XL: |  1  2  3  4  5  6  7 |
---------------+----------------------+-----
Stealth        | 1 2 |  2.7
Fighting       | 3 4 5 6 |  6.2
Dodging        | 3 4 |  4.0
Bows           | 5 6 |  6.9
Translocations | 1 2 |  2.2

Action                   |  1- 3 |  4- 6 |  7- 9 || total
-------------------------+-------+-------+-------++-------
 Fire: Shortbow          |   102 |   127 |    61 ||   290
  Use: Potion            |       |       |     3 ||     3
Armor: Leather armour    |     6 |    14 |     5 ||    25
Dodge: Dodged            |    21 |    26 |     7 ||    54
Block: Other             |    12 |     8 |     3 ||    23

Table legend: (Time is in decaauts)
 A = Elapsed time spent in this place.
 B = Non-inter-level travel time spent in this place.
 C = Inter-level travel time spent in this place.
 D = Time resting spent in this place.
 E = Time spent auto-exploring this place.
 F = Levels seen in this place.
 G = Mean time per level.
                   A        B        C        D        E       F      G
               +--------+--------+--------+--------+--------+-----+--------+
         Total |   3671 |   3597 |     74 |    165 |   2656 |   5 |  734.2 |
       Dungeon |   3671 |   3597 |     74 |    165 |   2656 |   5 |  734.2 |
               +--------+--------+--------+--------+--------+-----+--------+

Top non-repeatable levels by time:
     D:3: 919 daAuts
     D:4: 777 daAuts
     D:1: 775 daAuts
     D:2: 707 daAuts
     D:5: 491 daAuts
